Edmonton Oil Kings vs Tucson Roadrunners
Created - Tuesday, October 22, 2024 at 10:27
Goals
|
| Edmonton Oil Kings |
0 |
1 |
1 |
2 |
| Tucson Roadrunners |
2 |
0 |
2 |
4 |
|
Shots
|
| Edmonton Oil Kings |
12 |
14 |
7 |
33 |
| Tucson Roadrunners |
13 |
9 |
18 |
40 |
|
1st period
1. Tucson Roadrunners , William Carrier 42 (Nicolas Petan 41) at 6:04
2. Tucson Roadrunners , Matt Nieto 26 (Kiefer Sherwood 31) at 14:01 (PP)
Penalties :
Johnathan Kovacevic (TRR) for Hooking (Minor) at 3:31, Maxwell Crozier (TRR) for Fighting (Major) at 5:52, Ethan Cardwell (EOK) for Fighting (Major) at 5:52, Connor McMichael (EOK) for Elbowing (Minor) at 13:58, Maxwell Crozier (TRR) for Fighting (Major) at 18:31, Ryker Evans (EOK) for Fighting (Major) at 18:31
2nd period
3. Edmonton Oil Kings , Mackenzie Entwistle 15 (Joey Anderson 19, Ryker Evans 25) at 12:20
Penalties :
Josh Mahura (EOK) for Roughing (Minor) at 1:45, Josh Mahura (EOK) for Hooking (Minor) at 7:13
3rd period
4. Edmonton Oil Kings , Filip Zadina 26 (Dillon Dube 37) at 7:52 (PP)
5. Tucson Roadrunners , Brock McGinn 18 (William Carrier 31) at 10:22 (PP)
6. Tucson Roadrunners , Anthony Richard 15 (William Carrier 32) at 11:02 (SH)
Penalties :
Nick Seeler (TRR) for Tripping (Minor) at 3:16, Trevor Kuntar (TRR) for Boarding (Minor) at 7:50, Kale Clague (EOK) for Slashing (Minor) at 9:44, Kiefer Sherwood (TRR) for Cross-checking (Minor) at 10:45
Goalie Stats
Karel Vejmelka (EOK), 36 saves from 40 shots - (0.900), L, 2-2-0, 60:00 minutes
Kaapo Kahkonen (TRR), 31 saves from 33 shots - (0.939), W, 13-6-3, 60:00 minutes
Players Stats for Edmonton Oil Kings
Player Name G A P +/- PIM S H SB GA TA FO MP PP MP PK MP
------------------------------------------------------------------------------------
Brett Kulak 0 0 0 1 0 1 0 1 0 1 0/0 22:35 3:04 2:33
Connor McMichael 0 0 0 -1 2 1 3 1 0 0 9/24 20:41 3:00 2:18
Dillon Dube 0 1 1 -1 0 2 1 1 1 0 8/16 17:40 2:59 0:00
Ethan Cardwell 0 0 0 1 5 3 2 1 0 0 1/2 15:17 0:00 0:00
Filip Zadina 1 0 1 -1 0 3 3 0 2 0 0/0 18:06 2:59 0:06
Jack Quinn 0 0 0 -1 0 3 1 0 1 0 1/3 20:46 3:00 2:12
Joey Anderson 0 1 1 1 0 6 1 0 0 0 0/2 13:54 0:00 0:09
Josh Mahura 0 0 0 -1 4 0 0 0 0 1 0/0 16:59 0:00 0:00
Kale Clague 0 0 0 -1 2 0 0 1 0 1 0/0 15:55 0:00 0:56
Kirill Marchenko 0 0 0 -1 0 6 1 0 1 0 1/4 24:22 3:00 2:12
Luke Hughes 0 0 0 -1 0 2 1 1 1 0 0/0 22:25 2:55 2:06
Mackenzie Entwistle 1 0 1 1 0 3 2 0 0 0 6/8 12:50 0:00 0:00
Noah Gregor 0 0 0 -1 0 3 5 1 1 2 1/1 20:01 2:59 2:21
Ryker Evans 0 1 1 1 5 0 3 2 0 0 0/0 20:09 3:04 1:39
Samuel Helenius 0 0 0 0 0 0 0 0 0 0 2/4 5:22 0:00 0:00
Troy Stecher 0 0 0 -1 0 0 0 3 0 1 0/0 22:25 2:55 2:06
Tyler Angle 0 0 0 0 0 0 0 0 0 0 0/0 4:12 0:00 0:00
Xavier Bourgault 0 0 0 0 0 0 0 0 0 0 0/0 1:38 0:00 0:00
Players Stats for Tucson Roadrunners
Player Name G A P +/- PIM S H SB GA TA FO MP PP MP PK MP
------------------------------------------------------------------------------------
Anthony Richard 1 0 1 1 0 10 1 1 1 0 3/6 20:15 2:01 2:55
Brock McGinn 1 0 1 0 0 2 2 0 1 0 0/1 17:15 2:35 0:00
Chase Wheatcroft 0 0 0 0 0 0 0 0 0 0 0/0 5:59 0:03 0:00
Gage Goncalves 0 0 0 0 0 2 0 1 1 0 1/3 14:05 0:00 1:04
Johnathan Kovacevic 0 0 0 0 2 2 0 3 0 1 0/0 19:20 2:18 2:01
Kiefer Sherwood 0 1 1 0 2 5 5 1 0 0 15/23 23:30 2:01 1:49
Maksymilian Szuber 0 0 0 0 0 2 0 1 0 2 0/0 19:24 0:00 2:05
Matt Nieto 1 0 1 0 0 8 1 1 1 0 0/1 20:39 2:01 2:54
Maxwell Crozier 0 0 0 0 10 1 3 3 0 0 0/0 18:42 1:41 2:57
Nick Seeler 0 0 0 0 2 0 0 5 0 3 0/0 25:24 2:18 1:58
Nicolas Petan 0 1 1 0 0 2 1 1 0 0 7/15 17:53 2:35 0:10
Owen Sillinger 0 0 0 0 0 0 1 0 0 0 1/1 12:06 0:00 0:00
Robert Hagg 0 0 0 1 0 1 3 0 0 0 0/0 19:32 2:21 2:57
Topias Vilen 0 0 0 1 0 0 0 0 0 0 0/0 18:02 0:40 0:00
Trevor Kuntar 0 0 0 0 2 0 2 0 0 0 0/1 2:52 0:03 0:00
Walker Duehr 0 0 0 0 0 2 2 0 2 1 6/8 12:45 0:03 0:00
William Carrier 1 2 3 1 0 3 4 0 0 0 0/1 20:15 2:35 2:55
Zach Dean 0 0 0 0 0 0 0 0 0 0 2/4 5:57 0:00 0:11
3 Stars
1 - William Carrier (TRR)
2 - Anthony Richard (TRR)
3 - Kaapo Kahkonen (TRR)
Power Play
Edmonton Oil Kings - 1 on 4 Attempt(s) - 25.00%
Tucson Roadrunners - 2 on 4 Attempt(s) - 50.00%
Penalty Kill
Edmonton Oil Kings - 2 on 4 Attempt(s) - 50.00%
- Score 0 goal in Penalty Kill
Tucson Roadrunners - 3 on 4 Attempt(s) - 75.00%
- Score 1 goal in Penalty Kill
Team Stat
Edmonton Oil Kings - Hits : 23 - Faceoff Wins : 29 - Blocked Shots : 12 - Penalty Minutes : 18
Tucson Roadrunners - Hits : 25 - Faceoff Wins : 35 - Blocked Shots : 17 - Penalty Minutes : 18
Official
Referees : Chris Lee and Tom Chmielewski
Linesman : Jonny Murray and Ryan Galloway
Game Notes
Maxwell Crozier and Ethan Cardwell fight to a draw at 5:52 of 1st period
Maxwell Crozier and Ryker Evans fight to a draw at 18:31 of 1st period
Edmonton Oil Kings
5 vs 5 Forward
Center Left Wing Right Wing Time % Phy DF OF
1 Connor McMichael Jack Quinn Kirill Marchenko 30 1 2 2
2 Dillon Dube Filip Zadina Noah Gregor 30 1 2 2
3 Mackenzie Entwistle Ethan Cardwell Joey Anderson 25 1 2 2
4 Samuel Helenius Kirill Marchenko Ethan Cardwell 15 1 2 2
5 vs 5 Defense
Defense Defense Time % Phy DF OF
1 Troy Stecher Luke Hughes 35 1 2 2
2 Brett Kulak Ryker Evans 35 1 2 2
3 Josh Mahura Kale Clague 30 1 2 2
4 Troy Stecher Luke Hughes 0 1 2 2
PowerPlay Forward
Center Left Wing Right Wing Time % Phy DF OF
1 Connor McMichael Jack Quinn Kirill Marchenko 50 1 2 2
2 Dillon Dube Filip Zadina Noah Gregor 50 1 2 2
PowerPlay Defense
Defense Defense Time % Phy DF OF
1 Troy Stecher Luke Hughes 50 1 2 2
2 Brett Kulak Ryker Evans 50 1 2 2
Penalty Kill 4 Players Forward
Center Wing Time % Phy DF OF
1 Kirill Marchenko Jack Quinn 50 1 2 2
2 Connor McMichael Noah Gregor 50 1 2 2
Penalty Kill 4 Players Defense
Defense Defense Time % Phy DF OF
1 Troy Stecher Luke Hughes 50 1 2 2
2 Brett Kulak Ryker Evans 50 1 2 2
Penalty Kill - 3 Players Forward
Forward Time % Phy DF OF
1 Kirill Marchenko 50 1 2 2
2 Jack Quinn 50 1 2 2
Penalty Kill - 3 Players Defense
Defense Defense Time % Phy DF OF
1 Troy Stecher Luke Hughes 50 1 2 2
2 Brett Kulak Ryker Evans 50 1 2 2
4 vs 4 Forward
Center Wing Time % Phy DF OF
1 Kirill Marchenko Jack Quinn 50 1 2 2
2 Connor McMichael Noah Gregor 50 1 2 2
4 vs 4 Defense
Defense Defense Time % Phy DF OF
1 Troy Stecher Luke Hughes 50 1 2 2
2 Brett Kulak Ryker Evans 50 1 2 2
Last Minutes Offensive
Center Left Wing Right Wing Defense Defense
Connor McMichael Jack Quinn Kirill Marchenko Troy Stecher Luke Hughes
Last Minutes Defensive
Center Left Wing Right Wing Defense Defense
Connor McMichael Jack Quinn Kirill Marchenko Troy Stecher Luke Hughes
Goaltenders
Starting : Karel Vejmelka
Backup : Unknown Goalie
Extra Forwards
Normal : Tyler Angle, Xavier Bourgault, Joey Anderson - PP : Tyler Angle, Xavier Bourgault - PK : Joey Anderson
Extra Defensemen
Normal : Josh Mahura, Kale Clague, Brett Kulak - PP : Josh Mahura - PK : Kale Clague, Brett Kulak
Penalty Shots
Kirill Marchenko, Jack Quinn, Connor McMichael, Noah Gregor, Filip Zadina
Scratches
Riley Kidney (Healthy), Pavel Novak (Healthy), Noel Gunler (Healthy), Jonathan Quick (Healthy), Kasimir Kaskisuo (Healthy)
Tucson Roadrunners
5 vs 5 Forward
Center Left Wing Right Wing Time % Phy DF OF
1 Kiefer Sherwood Matt Nieto Anthony Richard 35 0 2 2
2 Nicolas Petan William Carrier Brock McGinn 30 0 2 3
3 Walker Duehr Gage Goncalves Owen Sillinger 25 1 2 2
4 Zach Dean Chase Wheatcroft Kiefer Sherwood 10 1 2 2
5 vs 5 Defense
Defense Defense Time % Phy DF OF
1 Nick Seeler Johnathan Kovacevic 30 1 3 1
2 Maxwell Crozier Robert Hagg 30 1 3 1
3 Topias Vilen Maksymilian Szuber 25 1 3 1
4 Nick Seeler Maxwell Crozier 15 1 3 1
PowerPlay Forward
Center Left Wing Right Wing Time % Phy DF OF
1 Kiefer Sherwood Matt Nieto Anthony Richard 50 1 1 3
2 Nicolas Petan William Carrier Brock McGinn 50 1 1 3
PowerPlay Defense
Defense Defense Time % Phy DF OF
1 Nick Seeler Johnathan Kovacevic 50 1 1 3
2 Maxwell Crozier Robert Hagg 50 1 1 3
Penalty Kill 4 Players Forward
Center Wing Time % Phy DF OF
1 Kiefer Sherwood Matt Nieto 50 1 3 1
2 Anthony Richard William Carrier 50 1 3 1
Penalty Kill 4 Players Defense
Defense Defense Time % Phy DF OF
1 Nick Seeler Johnathan Kovacevic 50 1 3 1
2 Maxwell Crozier Robert Hagg 50 1 3 1
Penalty Kill - 3 Players Forward
Forward Time % Phy DF OF
1 Kiefer Sherwood 50 1 3 1
2 Matt Nieto 50 1 3 1
Penalty Kill - 3 Players Defense
Defense Defense Time % Phy DF OF
1 Nick Seeler Johnathan Kovacevic 50 1 3 1
2 Maxwell Crozier Robert Hagg 50 1 3 1
4 vs 4 Forward
Center Wing Time % Phy DF OF
1 Kiefer Sherwood Matt Nieto 50 0 1 4
2 Anthony Richard William Carrier 50 0 1 4
4 vs 4 Defense
Defense Defense Time % Phy DF OF
1 Nick Seeler Johnathan Kovacevic 50 1 1 3
2 Maxwell Crozier Robert Hagg 50 1 1 3
Last Minutes Offensive
Center Left Wing Right Wing Defense Defense
Kiefer Sherwood Matt Nieto Anthony Richard Nick Seeler Johnathan Kovacevic
Last Minutes Defensive
Center Left Wing Right Wing Defense Defense
Kiefer Sherwood Matt Nieto Anthony Richard Nick Seeler Johnathan Kovacevic
Goaltenders
Starting : Kaapo Kahkonen
Backup : Hunter Shepard
Extra Forwards
Normal : Trevor Kuntar, Walker Duehr, Gage Goncalves - PP : Trevor Kuntar, Walker Duehr - PK : Gage Goncalves
Extra Defensemen
Normal : Topias Vilen, Maksymilian Szuber, Nick Seeler - PP : Topias Vilen - PK : Maksymilian Szuber, Maxwell Crozier
Penalty Shots
Kiefer Sherwood, Matt Nieto, Anthony Richard, William Carrier, Brock McGinn
Scratches
Samuel Knazko (Healthy), Alexander Kisakov (Healthy), Jack Matier (Healthy), Lleyton Moore (Healthy), Tanner Dickinson (Healthy)
Corson Ceulemans (Healthy), Hunter Drew (Healthy), Ole Julian Bjorgvik Holm (Healthy), Ben Jones (Healthy), Magnus Chrona (Healthy)
Georgi Romanov (Healthy), Kevin Mandolese (Healthy), Arturs Silovs (Healthy)
% Time on Ice - Edmonton Oil Kings
Lines # - Real PCT - Wanted PCT - Time Play
Normal Forward
1 - 32% - 30% - 15:43
2 - 31% - 30% - 15:27
3 - 26% - 25% - 12:50
4 - 11% - 15% - 5:22
Normal Defense
1 - 35% - 35% - 17:15
2 - 34% - 35% - 16:58
3 - 30% - 30% - 15:00
4 - 0% - 0% - 0:09
PP Forward
1 - 50% - 50% - 3:00
2 - 50% - 50% - 2:59
PP Defense
1 - 49% - 50% - 2:55
2 - 51% - 50% - 3:04
PK Forward
1 - 47% - 50% - 2:12
2 - 53% - 50% - 2:27
PK Defense
1 - 45% - 50% - 2:06
2 - 55% - 50% - 2:33
PK3 Forward
1 - 0% - 50%
2 - 0% - 50%
PK3 Defense
1 - 0% - 50%
2 - 0% - 50%
44 Forward
1 - 0% - 50%
2 - 0% - 50%
44 Defense
1 - 0% - 50%
2 - 0% - 50%
Last Minute Offensive - 0:00
Last Minute Defensive - 0:00
Total
Forward - 60:00
Defense - 60:00
|
% Time on Ice - Tucson Roadrunners
Lines # - Real PCT - Wanted PCT - Time Play
Normal Forward
1 - 33% - 35% - 16:09
2 - 31% - 30% - 15:21
3 - 25% - 25% - 12:06
4 - 12% - 10% - 5:46
Normal Defense
1 - 29% - 30% - 14:32
2 - 30% - 30% - 14:54
3 - 29% - 25% - 14:16
4 - 11% - 15% - 5:40
PP Forward
1 - 43% - 50% - 2:01
2 - 57% - 50% - 2:38
PP Defense
1 - 49% - 50% - 2:18
2 - 51% - 50% - 2:21
PK Forward
1 - 51% - 50% - 3:04
2 - 49% - 50% - 2:55
PK Defense
1 - 51% - 50% - 3:02
2 - 49% - 50% - 2:57
PK3 Forward
1 - 0% - 50%
2 - 0% - 50%
PK3 Defense
1 - 0% - 50%
2 - 0% - 50%
44 Forward
1 - 0% - 50%
2 - 0% - 50%
44 Defense
1 - 0% - 50%
2 - 0% - 50%
Last Minute Offensive - 0:00
Last Minute Defensive - 0:00
Total
Forward - 60:00
Defense - 60:00
|
Play-by-Play
1st period
0:01 of 1st period - Connor McMichael wins face-off versus Kiefer Sherwood in neutral zone.
0:04 of 1st period - Backhand shot by Jack Quinn.
0:04 of 1st period - Stopped by Kaapo Kahkonen without a rebound.
0:05 of 1st period - Connor McMichael wins face-off versus Kiefer Sherwood in Tucson Roadrunners zone.
0:12 of 1st period - Wrist shot by Kirill Marchenko.
0:12 of 1st period - Shot Blocked by Johnathan Kovacevic.
0:24 of 1st period - Anthony Richard is hit by Connor McMichael and loses puck.
0:29 of 1st period - Snap shot by Kirill Marchenko.
0:29 of 1st period - Deflect By Connor McMichael.
0:29 of 1st period - Stopped by Kaapo Kahkonen with a rebound.
1:13 of 1st period - Snap shot by Anthony Richard.
1:13 of 1st period - Shot Blocked by Troy Stecher.
1:23 of 1st period - Wrist shot by Jack Quinn.
1:23 of 1st period - Shot Blocked by Nick Seeler.
1:25 of 1st period - Slapshot by Troy Stecher.
1:25 of 1st period - Deflect By Jack Quinn.
1:25 of 1st period - Deflect By Nick Seeler.
1:25 of 1st period - Stopped by Kaapo Kahkonen without a rebound.
1:26 of 1st period - Dillon Dube wins face-off versus Nicolas Petan in Tucson Roadrunners zone.
1:29 of 1st period - Wrist shot by Filip Zadina.
1:29 of 1st period - Shot Misses the Net.
1:41 of 1st period - Ryker Evans is hit by William Carrier and loses puck.
1:52 of 1st period - Gage Goncalves is hit by Mackenzie Entwistle and loses puck.
2:35 of 1st period - Snap shot by Ethan Cardwell.
2:35 of 1st period - Stopped by Kaapo Kahkonen with a rebound.
3:31 of 1st period - Minor Penalty to Johnathan Kovacevic for Hooking.
3:32 of 1st period - Dillon Dube wins face-off versus Anthony Richard in Tucson Roadrunners zone.
3:39 of 1st period - Wrist shot by Filip Zadina.
3:39 of 1st period - Shot Blocked by Maxwell Crozier.
4:03 of 1st period - Snap shot by Kiefer Sherwood.
4:03 of 1st period - Stopped by Karel Vejmelka without a rebound.
4:04 of 1st period - Kiefer Sherwood wins face-off versus Dillon Dube in Edmonton Oil Kings zone.
4:39 of 1st period - Wrist shot by Anthony Richard.
4:39 of 1st period - Stopped by Karel Vejmelka without a rebound.
4:40 of 1st period - Connor McMichael wins face-off versus Anthony Richard in Edmonton Oil Kings zone.
5:31 of 1st period - Penalty to Johnathan Kovacevic is over, Johnathan Kovacevic is back on ice.
5:51 of 1st period - Snap shot by Joey Anderson.
5:51 of 1st period - Stopped by Kaapo Kahkonen without a rebound.
5:52 of 1st period - Mackenzie Entwistle wins face-off versus Nicolas Petan in Tucson Roadrunners zone.
5:52 of 1st period - Maxwell Crozier and Ethan Cardwell fight to a draw.
5:52 of 1st period - Penalty to Maxwell Crozier for Fighting.
5:52 of 1st period - Penalty to Ethan Cardwell for Fighting.
5:53 of 1st period - Dillon Dube wins face-off versus Brock McGinn in Tucson Roadrunners zone.
5:54 of 1st period - Slapshot by Filip Zadina.
5:54 of 1st period - Stopped by Kaapo Kahkonen without a rebound.
5:55 of 1st period - Nicolas Petan wins face-off versus Dillon Dube in Tucson Roadrunners zone.
6:04 of 1st period - Wrist shot by William Carrier.
6:04 of 1st period - Goal by William Carrier - Edmonton Oil Kings : 0 - Tucson Roadrunners : 1.
6:05 of 1st period - Nicolas Petan wins face-off versus Mackenzie Entwistle in neutral zone.
6:20 of 1st period - Wrist shot by William Carrier.
6:20 of 1st period - Stopped by Karel Vejmelka with a rebound.
6:59 of 1st period - Ryker Evans is hit by Kiefer Sherwood and loses puck.
8:51 of 1st period - Johnathan Kovacevic is hit by Noah Gregor.
9:12 of 1st period - Joey Anderson is hit by Trevor Kuntar and loses puck.
9:21 of 1st period - Mackenzie Entwistle is hit by Trevor Kuntar and loses puck.
10:12 of 1st period - Troy Stecher is hit by Owen Sillinger and loses puck.
11:22 of 1st period - Robert Hagg is hit by Connor McMichael and loses puck.
11:42 of 1st period - Brett Kulak is hit by Brock McGinn and loses puck.
12:15 of 1st period - Connor McMichael is hit by William Carrier and loses puck.
12:54 of 1st period - Icing by Maksymilian Szuber.
12:55 of 1st period - Dillon Dube wins face-off versus Trevor Kuntar in Tucson Roadrunners zone.
13:02 of 1st period - Snap shot by Kirill Marchenko.
13:02 of 1st period - Stopped by Kaapo Kahkonen without a rebound.
13:03 of 1st period - Nicolas Petan wins face-off versus Connor McMichael in Tucson Roadrunners zone.
13:11 of 1st period - Icing by Connor McMichael.
13:12 of 1st period - Nicolas Petan wins face-off versus Connor McMichael in Edmonton Oil Kings zone.
13:13 of 1st period - Wrist shot by William Carrier.
13:13 of 1st period - Shot Misses the Net.
13:58 of 1st period - Minor Penalty to Connor McMichael for Elbowing.
13:59 of 1st period - Kiefer Sherwood wins face-off versus Joey Anderson in Edmonton Oil Kings zone.
14:01 of 1st period - Wrist shot by Matt Nieto.
14:01 of 1st period - Goal by Matt Nieto - Edmonton Oil Kings : 0 - Tucson Roadrunners : 2.
14:02 of 1st period - Kiefer Sherwood wins face-off versus Dillon Dube in neutral zone.
14:14 of 1st period - Off-side.
14:15 of 1st period - Kiefer Sherwood wins face-off versus Dillon Dube in neutral zone.
14:22 of 1st period - Snap shot by Anthony Richard.
14:22 of 1st period - Stopped by Karel Vejmelka with a rebound.
14:24 of 1st period - Wrist shot by Maksymilian Szuber.
14:24 of 1st period - Stopped by Karel Vejmelka with a rebound.
14:26 of 1st period - Slapshot by Matt Nieto.
14:26 of 1st period - Stopped by Karel Vejmelka with a rebound.
14:28 of 1st period - Slapshot by Maksymilian Szuber.
14:28 of 1st period - Stopped by Karel Vejmelka with a rebound.
14:42 of 1st period - Owen Sillinger is hit by Ethan Cardwell and loses puck.
15:09 of 1st period - Snap shot by Kirill Marchenko.
15:09 of 1st period - Stopped by Kaapo Kahkonen without a rebound.
15:10 of 1st period - Kiefer Sherwood wins face-off versus Dillon Dube in Tucson Roadrunners zone.
15:10 of 1st period - Kiefer Sherwood is hit by Noah Gregor.
15:16 of 1st period - Wrist shot by Anthony Richard.
15:16 of 1st period - Stopped by Karel Vejmelka with a rebound.
15:26 of 1st period - Wrist shot by Kiefer Sherwood.
15:26 of 1st period - Stopped by Karel Vejmelka with a rebound.
16:32 of 1st period - Slapshot by Anthony Richard.
16:32 of 1st period - Stopped by Karel Vejmelka with a rebound.
17:11 of 1st period - Icing by Walker Duehr.
17:12 of 1st period - Zach Dean wins face-off versus Connor McMichael in Tucson Roadrunners zone.
17:18 of 1st period - Off-side.
17:19 of 1st period - Mackenzie Entwistle wins face-off versus Zach Dean in neutral zone.
17:31 of 1st period - Snap shot by Ethan Cardwell.
17:31 of 1st period - Stopped by Kaapo Kahkonen with a rebound.
17:33 of 1st period - Snap shot by Mackenzie Entwistle.
17:33 of 1st period - Shot Misses the Net.
17:45 of 1st period - Josh Mahura is hit by Maxwell Crozier and loses puck.
18:14 of 1st period - Wrist shot by Jack Quinn.
18:14 of 1st period - Stopped by Kaapo Kahkonen without a rebound.
18:15 of 1st period - Nicolas Petan wins face-off versus Samuel Helenius in Tucson Roadrunners zone.
18:22 of 1st period - Slapshot by Nicolas Petan.
18:22 of 1st period - Shot Misses the Net.
18:24 of 1st period - Slapshot by Maxwell Crozier.
18:24 of 1st period - Stopped by Karel Vejmelka without a rebound.
18:25 of 1st period - Samuel Helenius wins face-off versus Kiefer Sherwood in Edmonton Oil Kings zone.
18:31 of 1st period - Maxwell Crozier and Ryker Evans fight to a draw.
18:31 of 1st period - Penalty to Maxwell Crozier for Fighting.
18:31 of 1st period - Penalty to Ryker Evans for Fighting.
18:32 of 1st period - Kiefer Sherwood wins face-off versus Joey Anderson in Tucson Roadrunners zone.
19:05 of 1st period - Snap shot by Kirill Marchenko.
19:05 of 1st period - Stopped by Kaapo Kahkonen with a rebound.
19:36 of 1st period - Slapshot by Kirill Marchenko.
19:36 of 1st period - Stopped by Kaapo Kahkonen with a rebound.
19:38 of 1st period - Wrist shot by Kirill Marchenko.
19:38 of 1st period - Deflect By Ethan Cardwell.
19:38 of 1st period - Shot Blocked by Anthony Richard.
19:38 of 1st period - Puck is out of play.
19:39 of 1st period - Walker Duehr wins face-off versus Samuel Helenius in Tucson Roadrunners zone.
Goals for this period are 0 for Edmonton Oil Kings vs 2 for Tucson Roadrunners.
Shots for this period are 12 for Edmonton Oil Kings vs 13 for Tucson Roadrunners.
2nd period
0:01 of 2nd period - Connor McMichael wins face-off versus Kiefer Sherwood in neutral zone.
0:51 of 2nd period - Owen Sillinger is hit by Dillon Dube and loses puck.
1:36 of 2nd period - Snap shot by Noah Gregor.
1:36 of 2nd period - Stopped by Kaapo Kahkonen without a rebound.
1:37 of 2nd period - Dillon Dube wins face-off versus Nicolas Petan in Tucson Roadrunners zone.
1:45 of 2nd period - Minor Penalty to Josh Mahura for Roughing.
1:46 of 2nd period - Kirill Marchenko wins face-off versus Nicolas Petan in Edmonton Oil Kings zone.
2:26 of 2nd period - Kiefer Sherwood is hit by Luke Hughes.
2:30 of 2nd period - Noah Gregor is hit by Anthony Richard and loses puck.
3:31 of 2nd period - Penalty to Ryker Evans is over, Ryker Evans is back on ice.
3:45 of 2nd period - Penalty to Josh Mahura is over, Josh Mahura is back on ice.
3:45 of 2nd period - Kirill Marchenko is hit by Walker Duehr and loses puck.
3:52 of 2nd period - Wrist shot by Chase Wheatcroft.
3:52 of 2nd period - Shot Misses the Net.
3:54 of 2nd period - Slapshot by Maxwell Crozier.
3:54 of 2nd period - Deflect By Walker Duehr.
3:54 of 2nd period - Shot Misses the Net.
3:54 of 2nd period - Puck is out of play.
3:55 of 2nd period - Mackenzie Entwistle wins face-off versus Walker Duehr in Edmonton Oil Kings zone.
4:00 of 2nd period - Snap shot by Joey Anderson.
4:00 of 2nd period - Stopped by Kaapo Kahkonen with a rebound.
4:20 of 2nd period - Off-side.
4:21 of 2nd period - Dillon Dube wins face-off versus Zach Dean in neutral zone.
5:09 of 2nd period - Slapshot by Kirill Marchenko.
5:09 of 2nd period - Stopped by Kaapo Kahkonen with a rebound.
5:41 of 2nd period - Wrist shot by William Carrier.
5:41 of 2nd period - Stopped by Karel Vejmelka without a rebound.
5:42 of 2nd period - Ethan Cardwell wins face-off versus Nicolas Petan in Edmonton Oil Kings zone.
5:53 of 2nd period - Wrist shot by Joey Anderson.
5:53 of 2nd period - Deflect By Ethan Cardwell.
5:53 of 2nd period - Stopped by Kaapo Kahkonen with a rebound.
5:57 of 2nd period - Snap shot by Joey Anderson.
5:57 of 2nd period - Shot Blocked by Nicolas Petan.
6:07 of 2nd period - Brock McGinn is hit by Filip Zadina.
6:31 of 2nd period - Wrist shot by Jack Quinn.
6:31 of 2nd period - Shot Blocked by Matt Nieto.
6:33 of 2nd period - Slapshot by Luke Hughes.
6:33 of 2nd period - Stopped by Kaapo Kahkonen without a rebound.
6:34 of 2nd period - Kiefer Sherwood wins face-off versus Connor McMichael in Tucson Roadrunners zone.
6:34 of 2nd period - Kiefer Sherwood is hit by Connor McMichael.
7:07 of 2nd period - Off-side.
7:08 of 2nd period - Walker Duehr wins face-off versus Dillon Dube in neutral zone.
7:11 of 2nd period - Slapshot by Walker Duehr.
7:11 of 2nd period - Shot Misses the Net.
7:13 of 2nd period - Minor Penalty to Josh Mahura for Hooking.
7:14 of 2nd period - Kiefer Sherwood wins face-off versus Jack Quinn in Edmonton Oil Kings zone.
7:19 of 2nd period - Slapshot by Kiefer Sherwood.
7:19 of 2nd period - Deflect By Anthony Richard.
7:19 of 2nd period - Stopped by Karel Vejmelka with a rebound.
7:39 of 2nd period - Brett Kulak is hit by Robert Hagg and loses puck.
8:04 of 2nd period - Troy Stecher is hit by Kiefer Sherwood and loses puck.
9:13 of 2nd period - Penalty to Josh Mahura is over, Josh Mahura is back on ice.
11:15 of 2nd period - Luke Hughes is hit by Walker Duehr and loses puck.
11:29 of 2nd period - Icing by Troy Stecher.
11:30 of 2nd period - Walker Duehr wins face-off versus Dillon Dube in Edmonton Oil Kings zone.
11:40 of 2nd period - Off-side.
11:41 of 2nd period - Nicolas Petan wins face-off versus Kirill Marchenko in neutral zone.
11:44 of 2nd period - Luke Hughes is hit by William Carrier and loses puck.
12:07 of 2nd period - Robert Hagg is hit by Joey Anderson and loses puck.
12:20 of 2nd period - Wrist shot by Mackenzie Entwistle.
12:20 of 2nd period - Goal by Mackenzie Entwistle - Edmonton Oil Kings : 1 - Tucson Roadrunners : 2.
12:21 of 2nd period - Kiefer Sherwood wins face-off versus Kirill Marchenko in neutral zone.
12:26 of 2nd period - Slapshot by Johnathan Kovacevic.
12:26 of 2nd period - Deflect By Anthony Richard.
12:26 of 2nd period - Shot Misses the Net.
12:26 of 2nd period - Puck is out of play.
12:27 of 2nd period - Kiefer Sherwood wins face-off versus Connor McMichael in Edmonton Oil Kings zone.
12:32 of 2nd period - Snap shot by Matt Nieto.
12:32 of 2nd period - Stopped by Karel Vejmelka without a rebound.
12:33 of 2nd period - Kiefer Sherwood wins face-off versus Jack Quinn in Edmonton Oil Kings zone.
12:34 of 2nd period - Slapshot by Matt Nieto.
12:34 of 2nd period - Stopped by Karel Vejmelka without a rebound.
12:35 of 2nd period - Jack Quinn wins face-off versus Kiefer Sherwood in Edmonton Oil Kings zone.
12:35 of 2nd period - Jack Quinn is hit by Kiefer Sherwood.
12:45 of 2nd period - Snap shot by Matt Nieto.
12:45 of 2nd period - Stopped by Karel Vejmelka with a rebound.
12:51 of 2nd period - Slapshot by Troy Stecher.
12:51 of 2nd period - Shot Misses the Net.
13:03 of 2nd period - Snap shot by Joey Anderson.
13:03 of 2nd period - Stopped by Kaapo Kahkonen without a rebound.
13:04 of 2nd period - Mackenzie Entwistle wins face-off versus Nicolas Petan in Tucson Roadrunners zone.
13:08 of 2nd period - Wrist shot by Mackenzie Entwistle.
13:08 of 2nd period - Shot Misses the Net.
13:10 of 2nd period - Wrist shot by Brett Kulak.
13:10 of 2nd period - Stopped by Kaapo Kahkonen without a rebound.
13:11 of 2nd period - Nicolas Petan wins face-off versus Ethan Cardwell in Tucson Roadrunners zone.
13:17 of 2nd period - Backhand shot by Kirill Marchenko.
13:17 of 2nd period - Shot Hit the Post.
13:31 of 2nd period - Nicolas Petan is hit by Ethan Cardwell and loses puck.
13:46 of 2nd period - Wrist shot by Noah Gregor.
13:46 of 2nd period - Stopped by Kaapo Kahkonen with a rebound.
14:16 of 2nd period - Snap shot by Kiefer Sherwood.
14:16 of 2nd period - Stopped by Karel Vejmelka without a rebound.
14:17 of 2nd period - Walker Duehr wins face-off versus Mackenzie Entwistle in Edmonton Oil Kings zone.
14:44 of 2nd period - Snap shot by Filip Zadina.
14:44 of 2nd period - Shot Blocked by Nick Seeler.
14:46 of 2nd period - Slapshot by Filip Zadina.
14:46 of 2nd period - Shot Misses the Net.
15:05 of 2nd period - Off-side.
15:06 of 2nd period - Walker Duehr wins face-off versus Connor McMichael in neutral zone.
15:34 of 2nd period - Wrist shot by Filip Zadina.
15:34 of 2nd period - Shot Blocked by Nick Seeler.
15:36 of 2nd period - Slapshot by Filip Zadina.
15:36 of 2nd period - Stopped by Kaapo Kahkonen with a rebound.
15:38 of 2nd period - Snap shot by Dillon Dube.
15:38 of 2nd period - Stopped by Kaapo Kahkonen with a rebound.
15:40 of 2nd period - Wrist shot by Dillon Dube.
15:40 of 2nd period - Stopped by Kaapo Kahkonen with a rebound.
15:58 of 2nd period - Wrist shot by Mackenzie Entwistle.
15:58 of 2nd period - Shot Blocked by Kiefer Sherwood.
16:00 of 2nd period - Slapshot by Ryker Evans.
16:00 of 2nd period - Shot Blocked by Johnathan Kovacevic.
16:02 of 2nd period - Slapshot by Ryker Evans.
16:02 of 2nd period - Shot Blocked by Johnathan Kovacevic.
16:04 of 2nd period - Snap shot by Joey Anderson.
16:04 of 2nd period - Stopped by Kaapo Kahkonen with a rebound.
16:18 of 2nd period - Snap shot by Walker Duehr.
16:18 of 2nd period - Shot Misses the Net.
17:21 of 2nd period - Maksymilian Szuber is hit by Filip Zadina and loses puck.
18:44 of 2nd period - Snap shot by Anthony Richard.
18:44 of 2nd period - Shot Misses the Net.
18:46 of 2nd period - Slapshot by Nick Seeler.
18:46 of 2nd period - Shot Misses the Net.
18:48 of 2nd period - Slapshot by Anthony Richard.
18:48 of 2nd period - Stopped by Karel Vejmelka without a rebound.
18:49 of 2nd period - Walker Duehr wins face-off versus Connor McMichael in Edmonton Oil Kings zone.
19:00 of 2nd period - Snap shot by Walker Duehr.
19:00 of 2nd period - Stopped by Karel Vejmelka with a rebound.
19:02 of 2nd period - Wrist shot by Owen Sillinger.
19:02 of 2nd period - Shot Misses the Net.
19:04 of 2nd period - Slapshot by Robert Hagg.
19:04 of 2nd period - Stopped by Karel Vejmelka without a rebound.
19:05 of 2nd period - Mackenzie Entwistle wins face-off versus Kiefer Sherwood in Edmonton Oil Kings zone.
19:05 of 2nd period - Mackenzie Entwistle is hit by Kiefer Sherwood.
19:15 of 2nd period - Slapshot by Mackenzie Entwistle.
19:15 of 2nd period - Shot Misses the Net.
19:17 of 2nd period - Slapshot by Joey Anderson.
19:17 of 2nd period - Stopped by Kaapo Kahkonen without a rebound.
19:18 of 2nd period - Samuel Helenius wins face-off versus Kiefer Sherwood in Tucson Roadrunners zone.
19:19 of 2nd period - Slapshot by Kirill Marchenko.
19:19 of 2nd period - Shot Misses the Net.
19:54 of 2nd period - Snap shot by Filip Zadina.
19:54 of 2nd period - Shot Blocked by Maxwell Crozier.
Goals for this period are 1 for Edmonton Oil Kings vs 0 for Tucson Roadrunners.
Shots for this period are 14 for Edmonton Oil Kings vs 9 for Tucson Roadrunners.
3rd period
0:01 of 3rd period - Connor McMichael wins face-off versus Matt Nieto in neutral zone.
0:08 of 3rd period - Jack Quinn is hit by Matt Nieto and loses puck.
1:10 of 3rd period - Snap shot by Maxwell Crozier.
1:10 of 3rd period - Shot Misses the Net.
1:22 of 3rd period - Slapshot by Luke Hughes.
1:22 of 3rd period - Shot Blocked by Maxwell Crozier.
1:24 of 3rd period - Snap shot by Joey Anderson.
1:24 of 3rd period - Stopped by Kaapo Kahkonen without a rebound.
1:25 of 3rd period - Connor McMichael wins face-off versus William Carrier in Tucson Roadrunners zone.
1:50 of 3rd period - Topias Vilen is hit by Ryker Evans and loses puck.
2:11 of 3rd period - Snap shot by Matt Nieto.
2:11 of 3rd period - Stopped by Karel Vejmelka with a rebound.
2:13 of 3rd period - Wrist shot by Matt Nieto.
2:13 of 3rd period - Shot Misses the Net.
2:15 of 3rd period - Slapshot by Maksymilian Szuber.
2:15 of 3rd period - Deflect By Anthony Richard.
2:15 of 3rd period - Shot Blocked by Kale Clague.
2:15 of 3rd period - Puck is out of play.
2:16 of 3rd period - Kiefer Sherwood wins face-off versus Dillon Dube in Edmonton Oil Kings zone.
2:19 of 3rd period - Slapshot by Kiefer Sherwood.
2:19 of 3rd period - Shot Misses the Net.
2:21 of 3rd period - Wrist shot by Anthony Richard.
2:21 of 3rd period - Stopped by Karel Vejmelka with a rebound.
2:29 of 3rd period - Slapshot by Kiefer Sherwood.
2:29 of 3rd period - Shot Misses the Net.
2:31 of 3rd period - Wrist shot by Anthony Richard.
2:31 of 3rd period - Stopped by Karel Vejmelka with a rebound.
2:33 of 3rd period - Slapshot by Nick Seeler.
2:33 of 3rd period - Shot Blocked by Brett Kulak.
2:35 of 3rd period - Slapshot by Johnathan Kovacevic.
2:35 of 3rd period - Shot Blocked by Noah Gregor.
2:37 of 3rd period - Slapshot by Nick Seeler.
2:37 of 3rd period - Shot Misses the Net.
2:39 of 3rd period - Slapshot by Robert Hagg.
2:39 of 3rd period - Deflect By Kiefer Sherwood.
2:39 of 3rd period - Stopped by Karel Vejmelka with a rebound.
2:43 of 3rd period - Snap shot by Matt Nieto.
2:43 of 3rd period - Stopped by Karel Vejmelka with a rebound.
2:45 of 3rd period - Wrist shot by Matt Nieto.
2:45 of 3rd period - Shot Misses the Net.
2:47 of 3rd period - Snap shot by Robert Hagg.
2:47 of 3rd period - Shot Blocked by Ryker Evans.
2:49 of 3rd period - Wrist shot by Kiefer Sherwood.
2:49 of 3rd period - Shot Blocked by Ryker Evans.
2:59 of 3rd period - Slapshot by Kiefer Sherwood.
2:59 of 3rd period - Shot Blocked by Dillon Dube.
3:03 of 3rd period - Snap shot by Kiefer Sherwood.
3:03 of 3rd period - Stopped by Karel Vejmelka without a rebound.
3:04 of 3rd period - Connor McMichael wins face-off versus Walker Duehr in Edmonton Oil Kings zone.
3:16 of 3rd period - Minor Penalty to Nick Seeler for Tripping.
3:17 of 3rd period - Anthony Richard wins face-off versus Connor McMichael in Tucson Roadrunners zone.
3:25 of 3rd period - Wrist shot by Anthony Richard.
3:25 of 3rd period - Shot Misses the Net.
3:29 of 3rd period - Wrist shot by William Carrier.
3:29 of 3rd period - Shot Misses the Net.
3:31 of 3rd period - Slapshot by Anthony Richard.
3:31 of 3rd period - Shot Misses the Net.
4:17 of 3rd period - Maksymilian Szuber is hit by Noah Gregor and loses puck.
5:16 of 3rd period - Penalty to Nick Seeler is over, Nick Seeler is back on ice.
5:23 of 3rd period - Snap shot by Gage Goncalves.
5:23 of 3rd period - Deflect By Nicolas Petan.
5:23 of 3rd period - Stopped by Karel Vejmelka with a rebound.
5:27 of 3rd period - Snap shot by Nicolas Petan.
5:27 of 3rd period - Shot Blocked by Troy Stecher.
5:29 of 3rd period - Slapshot by Johnathan Kovacevic.
5:29 of 3rd period - Stopped by Karel Vejmelka with a rebound.
5:31 of 3rd period - Wrist shot by Gage Goncalves.
5:31 of 3rd period - Stopped by Karel Vejmelka with a rebound.
5:39 of 3rd period - Snap shot by Gage Goncalves.
5:39 of 3rd period - Shot Blocked by Ethan Cardwell.
5:49 of 3rd period - Wrist shot by Nicolas Petan.
5:49 of 3rd period - Stopped by Karel Vejmelka without a rebound.
5:50 of 3rd period - Zach Dean wins face-off versus Connor McMichael in Edmonton Oil Kings zone.
5:55 of 3rd period - Wrist shot by Kiefer Sherwood.
5:55 of 3rd period - Shot Misses the Net.
6:13 of 3rd period - Anthony Richard is hit by Noah Gregor and loses puck.
6:39 of 3rd period - Connor McMichael is hit by Brock McGinn and loses puck.
6:54 of 3rd period - Nick Seeler is hit by Ryker Evans and loses puck.
7:50 of 3rd period - Minor Penalty to Trevor Kuntar for Boarding.
7:51 of 3rd period - Dillon Dube wins face-off versus Anthony Richard in Tucson Roadrunners zone.
7:52 of 3rd period - Snap shot by Filip Zadina.
7:52 of 3rd period - Goal by Filip Zadina - Edmonton Oil Kings : 2 - Tucson Roadrunners : 2.
7:53 of 3rd period - Anthony Richard wins face-off versus Connor McMichael in neutral zone.
8:00 of 3rd period - Wrist shot by Matt Nieto.
8:00 of 3rd period - Deflect By Anthony Richard.
8:00 of 3rd period - Shot Misses the Net.
8:00 of 3rd period - Puck is out of play.
8:01 of 3rd period - Kiefer Sherwood wins face-off versus Connor McMichael in Edmonton Oil Kings zone.
8:04 of 3rd period - Snap shot by Matt Nieto.
8:04 of 3rd period - Stopped by Karel Vejmelka without a rebound.
8:05 of 3rd period - Kiefer Sherwood wins face-off versus Connor McMichael in Edmonton Oil Kings zone.
8:08 of 3rd period - Wrist shot by Anthony Richard.
8:08 of 3rd period - Stopped by Karel Vejmelka with a rebound.
8:32 of 3rd period - Luke Hughes is hit by Maxwell Crozier and loses puck.
8:55 of 3rd period - Snap shot by Mackenzie Entwistle.
8:55 of 3rd period - Stopped by Kaapo Kahkonen with a rebound.
9:44 of 3rd period - Minor Penalty to Kale Clague for Slashing.
9:45 of 3rd period - Noah Gregor wins face-off versus Nicolas Petan in Edmonton Oil Kings zone.
9:45 of 3rd period - Noah Gregor is hit by William Carrier.
9:55 of 3rd period - Jack Quinn is hit by Maxwell Crozier and loses puck.
10:08 of 3rd period - Brock McGinn is hit by Noah Gregor.
10:18 of 3rd period - Snap shot by Brock McGinn.
10:18 of 3rd period - Stopped by Karel Vejmelka with a rebound.
10:20 of 3rd period - Slapshot by Brock McGinn.
10:20 of 3rd period - Shot Misses the Net.
10:22 of 3rd period - Wrist shot by Brock McGinn.
10:22 of 3rd period - Goal by Brock McGinn - Edmonton Oil Kings : 2 - Tucson Roadrunners : 3.
10:23 of 3rd period - Connor McMichael wins face-off versus Kiefer Sherwood in neutral zone.
10:45 of 3rd period - Minor Penalty to Kiefer Sherwood for Cross-checking.
10:46 of 3rd period - Gage Goncalves wins face-off versus Connor McMichael in Tucson Roadrunners zone.
10:55 of 3rd period - Kirill Marchenko is hit by Robert Hagg and loses puck.
11:00 of 3rd period - Wrist shot by Anthony Richard.
11:00 of 3rd period - Shot Blocked by Connor McMichael.
11:02 of 3rd period - Wrist shot by Anthony Richard.
11:02 of 3rd period - Goal by Anthony Richard - Edmonton Oil Kings : 2 - Tucson Roadrunners : 4.
11:03 of 3rd period - Dillon Dube wins face-off versus Gage Goncalves in neutral zone.
11:08 of 3rd period - Snap shot by Filip Zadina.
11:08 of 3rd period - Shot Blocked by Nick Seeler.
11:18 of 3rd period - Slapshot by Noah Gregor.
11:18 of 3rd period - Deflect By Matt Nieto.
11:18 of 3rd period - Shot Blocked by Nick Seeler.
11:18 of 3rd period - Puck is out of play.
11:19 of 3rd period - Anthony Richard wins face-off versus Connor McMichael in Tucson Roadrunners zone.
11:34 of 3rd period - Snap shot by Kirill Marchenko.
11:34 of 3rd period - Stopped by Kaapo Kahkonen with a rebound.
12:45 of 3rd period - Penalty to Kiefer Sherwood is over, Kiefer Sherwood is back on ice.
13:03 of 3rd period - Wrist shot by Chase Wheatcroft.
13:03 of 3rd period - Shot Blocked by Troy Stecher.
13:33 of 3rd period - Snap shot by Walker Duehr.
13:33 of 3rd period - Stopped by Karel Vejmelka without a rebound.
13:34 of 3rd period - Owen Sillinger wins face-off versus Connor McMichael in Edmonton Oil Kings zone.
14:02 of 3rd period - Anthony Richard is hit by Ryker Evans and loses puck.
14:22 of 3rd period - Off-side.
14:23 of 3rd period - Mackenzie Entwistle wins face-off versus Nicolas Petan in neutral zone.
14:40 of 3rd period - Mackenzie Entwistle is hit by Nicolas Petan and loses puck.
15:22 of 3rd period - Wrist shot by Noah Gregor.
15:22 of 3rd period - Stopped by Kaapo Kahkonen with a rebound.
15:37 of 3rd period - Slapshot by Gage Goncalves.
15:37 of 3rd period - Stopped by Karel Vejmelka without a rebound.
15:38 of 3rd period - Connor McMichael wins face-off versus Gage Goncalves in Edmonton Oil Kings zone.
15:59 of 3rd period - Ryker Evans is hit by Kiefer Sherwood and loses puck.
16:24 of 3rd period - Wrist shot by William Carrier.
16:24 of 3rd period - Shot Blocked by Luke Hughes.
16:26 of 3rd period - Slapshot by Johnathan Kovacevic.
16:26 of 3rd period - Stopped by Karel Vejmelka with a rebound.
16:49 of 3rd period - Maksymilian Szuber is hit by Filip Zadina and loses puck.
17:20 of 3rd period - Anthony Richard is hit by Mackenzie Entwistle and loses puck.
18:09 of 3rd period - Snap shot by Luke Hughes.
18:09 of 3rd period - Stopped by Kaapo Kahkonen with a rebound.
18:27 of 3rd period - Robert Hagg is hit by Kirill Marchenko and loses puck.
18:46 of 3rd period - Josh Mahura is hit by Robert Hagg.
18:56 of 3rd period - Brock McGinn is hit by Jack Quinn and loses puck.
19:10 of 3rd period - Icing by Kale Clague.
19:11 of 3rd period - Kiefer Sherwood wins face-off versus Kirill Marchenko in Edmonton Oil Kings zone.
19:26 of 3rd period - Slapshot by Josh Mahura.
19:26 of 3rd period - Shot Blocked by Gage Goncalves.
19:28 of 3rd period - Slapshot by Mackenzie Entwistle.
19:28 of 3rd period - Stopped by Kaapo Kahkonen with a rebound.
19:30 of 3rd period - Slapshot by Kale Clague.
19:30 of 3rd period - Shot Blocked by Maksymilian Szuber.
Goals for this period are 1 for Edmonton Oil Kings vs 2 for Tucson Roadrunners.
Shots for this period are 7 for Edmonton Oil Kings vs 18 for Tucson Roadrunners.
Back to the Top